 Seeded DCSS version 0.30-a0-965-g42e074c17a (webtiles) character file.

Game seed: 20230327 (custom seed)

248 GigaChad the Chopper (level 5, 0/47 HPs)
             Began as a Minotaur Fighter on Mar 31, 2023.
             Slain by a lemure (3 damage)
             ... led by Pikel
             ... on level 4 of the Dungeon.
             The game lasted 00:03:43 (2420 turns).

GigaChad the Chopper (Minotaur Fighter)             Turns: 2420, Time: 00:03:44

Health: 0/47       AC: 27    Str: 22    XL:     5   Next: 86%
Magic:  4/4        EV:  7    Int:  5    God:
Gold:   140        SH:  4    Dex: 10    Spells: 4/4 levels left

rFire   . . .      SeeInvis .    a - +0 war axe
rCold   . . .      Faith    .    c - +0 buckler
rNeg    . . .      Spirit   .    v - +18 Lear's hauberk
rPois   .          Reflect  .    (helmet currently unavailable)
rElec   .          Rampage  .    (no cloak)
rCorr   .                        (gloves currently unavailable)
Will    .....                    (boots currently unavailable) Stlth
                                 (no amulet)
HPRegen 0.27/turn                (no ring)
MPRegen 0.09/turn                (no ring)

@: no status effects
A: horns 2, retaliatory headbutt
a: no special abilities


You were on level 4 of the Dungeon.
You visited 1 branch of the dungeon, and saw 4 of its levels.

You collected 140 gold pieces.

Inventory:

Hand Weapons
 a - a +0 war axe (weapon)
Armour
 b - a +0 scale mail
 c - a +0 buckler (worn)
 v - the +18 Lear's hauberk (worn)
   (You found it on level 4 of the Dungeon)
Jewellery
 j - a ring of fire
Scrolls
 f - a scroll of amnesia {unknown}
 h - 3 scrolls of enchant armour
 k - 2 scrolls of immolation
 l - 2 scrolls of blinking {unknown}
 p - a scroll of magic mapping {unknown}
 q - a scroll of fog {unknown}
 r - 2 scrolls of poison {unknown}
 u - a scroll of torment {unknown}
 w - a scroll of identify
Potions
 d - a potion of might
 e - 3 potions of curing
 g - a potion of invisibility {unknown}
 i - 2 potions of degeneration {unknown}
 m - a potion of flight {unknown}
 n - 3 potions of brilliance {unknown}
 o - 2 potions of lignification {unknown}
 s - 2 potions of heal wounds {unknown}
 t - a potion of berserk rage {unknown}


   Skills:
 + Level 4.4 Fighting
 + Level 5.5 Axes
 + Level 4.7 Armour
 + Level 0.8 Dodging
 + Level 4.4 Shields


You had 4 spell levels left.
You didn't know any spells.
Your spell library contained the following spells:

 Spells                   Type           Power      Damage    Failure   Level
 Sting                    Tmut/Pois      0%         1d3       99%         1
 Poisonous Vapours        Pois/Air       0%         N/A       100%        2
 Olgreb's Toxic Radiance  Pois           0%         N/A       100%        4
 Borgnjor's Revivificati  Necr           0%         N/A       100%        8
 Necromutation            Tmut/Necr      0%         N/A       100%        8
 Death's Door             Necr           0%         N/A       100%        9


Dungeon Overview and Level Annotations

Branches:
Dungeon (4/15)
 Temple: D:4-7

Altars:
Elyvilon
Qazlal

Shops:
D:1 *=:*=

Portals:
Ossuary: D:4

Annotations:
D:4 Pikel


Innate Abilities, Weirdness & Mutations

You have a pair of horns on your head.
You reflexively headbutt those who attack you in melee.


Message History

Unknown command.
You slash the lemure! You headbutt the lemure.
The lemure is almost dead.
You hit Pikel. You closely miss the lemure.
You hit the lemure but do no damage. You block Pikel's attack.
The lemure completely misses you. The lemure barely misses you.
The lemure hits you.
Unknown command.
You slash the lemure!
You kill the lemure!
That felt strangely unrewarding.
You hit Pikel. You hit the lemure but do no damage. You miss the lemure.
You barely miss the lemure. You block Pikel's attack.
The lemure barely misses you.
The lemure hits you but does no damage. x2
You hit Pikel.
Pikel is moderately wounded.
You closely miss the lemure. You completely miss the lemure.
You hit the lemure but do no damage. Pikel hits you but does no damage.
You are electrocuted!
The lemure closely misses you. You furiously retaliate!
You headbutt the lemure! You block the lemure's attack.
The lemure barely misses you. You furiously retaliate!
You headbutt the lemure.
Unknown command.
You are too injured to fight recklessly!
Unknown command.
You are too injured to fight recklessly!
Unknown command.
You are too injured to fight recklessly!
Unknown command.
You are too injured to fight recklessly!
The lemure attacks as you move away! The lemure hits you but does no damage.
Pikel hits you but does no damage.
You are electrocuted!
* * * LOW HITPOINT WARNING * * *
The lemure hits you but does no damage.
You hit Pikel but do no damage.
Pikel is moderately wounded.
You barely miss the lemure. You hit the lemure. You barely miss the lemure.
Pikel hits you with a +0 whip of electrocution.
* * * LOW HITPOINT WARNING * * *
The lemure hits you but does no damage. x2; The lemure hits you.
You die...

#......#..#.#
######.#....#
#.##.######
.#########.#........
........##.#..######
#.........#
####.###[#>#.#####
###.5.####...#......
#E#@5.#E####.#######
###K5.### ..#
#..........# ###
#....._....#
##.........#
####...####
#E#...#E# ###...###


You could see an earth elemental, a water elemental, Pikel, a fire elemental, an
air elemental and 3 lemures.

Vanquished Creatures
  Duvessa (D:4)
  A lemure (D:4)
  Dowan (D:4)
  A mummy (D:4)
  2 adders (D:3)
  A worm (D:2)
  A dart slug (D:1)
  3 ball pythons (D:1)
  6 bats
  4 endoplasms
  4 giant cockroaches
  9 goblins
  6 hobgoblins
  2 jackals (D:2)
  A quokka (D:1)
  3 frilled lizards
  6 kobolds
  4 rats
56 creatures vanquished.

Notes
Turn   | Place    | Note
-------+----------+-------------------------------------------
     0 | D:1      | GigaChad the Minotaur Fighter began the quest for the Orb.
     0 | D:1      | Reached XP level 1. HP: 19/19 MP: 0/0
     4 | D:1      | Found Xoclunid's Book Emporium.
    33 | D:1      | Found Aqium's General Store.
   134 | D:1      | Found Wostryiz's General Store.
   190 | D:1      | Reached XP level 2. HP: 27/27 MP: 1/1
   204 | D:1      | Found a faded altar of an unknown god.
   292 | D:1      | Found Muif's Jewellery Shop.
   542 | D:1      | Found Uvvotic's Jewellery Boutique.
   562 | D:1      | Reached XP level 3. HP: 24/33 MP: 2/2
   622 | D:1      | Reached skill level 3 in Axes
  1007 | D:2      | Found a white marble altar of Elyvilon.
  1708 | D:3      | Reached XP level 4. HP: 40/40 MP: 3/3
  2109 | D:4      | Found the +18 Lear's hauberk
  2164 | D:4      | Found a sand-covered staircase.
  2173 | D:4      | Reached skill level 4 in Axes
  2288 | D:4      | Noticed Duvessa
  2288 | D:4      | Noticed Dowan
  2299 | D:4      | Killed Duvessa
  2300 | D:4      | Reached skill level 5 in Axes
  2300 | D:4      | Reached XP level 5. HP: 38/47 MP: 4/4
  2310 | D:4      | Killed Dowan
  2404 | D:4      | Noticed a lemure
  2404 | D:4      | Noticed a lemure
  2405 | D:4      | Found a stormy altar of Qazlal.
  2405 | D:4      | Noticed an air elemental
  2406 | D:4      | Noticed a water elemental
  2406 | D:4      | Noticed a fire elemental
  2407 | D:4      | Noticed a lemure
  2409 | D:4      | Noticed Pikel
  2411 | D:4      | Noticed a lemure
  2417 | D:4      | Killed a lemure
  2420 | D:4      | Slain by a lemure

Illustrated notes

Levels and vault maps discovered:
D:1:      doesnt_arrival_eight_statues, layout_basic, serial_shops,
          nicolae_shop_advertising_works [nicolae_subvault_shop_adworks], shop,
          nicolae_lakefront_shop, shop, shop,
          shapermc_ecumenical_altar_notcrosses
D:2:      minmay_spotlight, layout_basic, basic_altar
D:3:      layout_loops_cross, st_stairs_7
D:4:      layout_basic, nicolae_qazlal_style_of_elements,
          gup_ossuary_entry_pyramid, uniq_eustachio, uniq_natasha, uniq_pikel,
          uniq_duvessa

Skill      XL: |  1  2  3  4 |
---------------+-------------+-----
Shields        | 4 |  4.4
Fighting       | 4 |  4.4
Armour         | 4 |  4.7
Axes           | 3 5 |  5.5
Dodging        | |  0.8

Action                     |  1- 3 |  4- 6 || total
---------------------------+-------+-------++-------
  Melee: War axe           |    92 |    45 ||   137
         Headbutt          |    13 |     9 ||    22
    Use: Scroll            |       |     3 ||     3
 Armour: Scale mail        |    41 |     2 ||    43
         Chain mail        |       |    46 ||    46
  Dodge: Dodged            |    43 |    20 ||    63
  Block: Buckler           |    17 |    17 ||    34

Table legend: (Time is in decaauts)
 A = Elapsed time spent in this place.
 B = Non-inter-level travel time spent in this place.
 C = Inter-level travel time spent in this place.
 D = Time resting spent in this place.
 E = Time spent auto-exploring this place.
 F = Levels seen in this place.
 G = Mean time per level.
                   A        B        C        D        E       F      G
               +--------+--------+--------+--------+--------+-----+--------+
         Total |   2470 |   2402 |     68 |      0 |   1928 |   4 |  617.5 |
       Dungeon |   2470 |   2402 |     68 |      0 |   1928 |   4 |  617.5 |
               +--------+--------+--------+--------+--------+-----+--------+

Top non-repeatable levels by time:
     D:1: 906 daAuts
     D:3: 635 daAuts
     D:2: 606 daAuts
     D:4: 321 daAuts
